 Dungeon Crawl Stone Soup version 0.30-a0-924-g0ad0bf95bc (webtiles) character file.

Game seed: 7803017648217316029

36 BigDaddyOpFi the Caller (level 3, -1/14 HPs)
             Began as a Felid Summoner on Mar 22, 2023.
             Slain by a goblin
             ... wielding a +0 dagger
             ... led by Robin
              (3 damage)
             ... on level 3 of the Dungeon.
             The game lasted 00:02:40 (1523 turns).

BigDaddyOpFi the Caller (Felid Summoner)            Turns: 1523, Time: 00:02:41

Health: -1/14      AC:  1    Str:  4    XL:     3   Next: 19%
Magic:  5/7        EV: 18    Int: 18    God:
Gold:   79         SH:  0    Dex: 16    Spells: 5/6 levels left
                                        Lives:  0   Deaths: 0

rFire   . . .      SeeInvis +    (weapon unavailable)
rCold   . . .      Faith    .    (shield unavailable)
rNeg    . . .      Spirit   .    (body armour unavailable)
rPois   .          Reflect  .    (helmet unavailable)
rElec   .          Rampage  .    (cloak unavailable)
rCorr   .                        (gloves unavailable)
Will    .....                    (boots unavailable)
Stlth   ++                       (no amulet)
HPRegen 0.22/turn                c - ring of flight
MPRegen 0.10/turn                (no ring)

@: flying, quick
A: very small, claws 1, fangs 3, see invisible, speed 1, shaggy fur 1, stealthy
paws, no weapons or thrown items, no armour, multi-lived
a: no special abilities


You were on level 3 of the Dungeon.
You visited 1 branch of the dungeon, and saw 3 of its levels.

You collected 79 gold pieces.

Inventory:

Jewellery
 c - a ring of flight (left paw)
Scrolls
 b - 2 scrolls of identify
 f - a scroll of amnesia {unknown}
Potions
 a - a potion of magic
 e - 2 potions of curing {unknown}
 g - a potion of heal wounds {unknown}
 h - 2 potions of haste {unknown}


   Skills:
 + Level 3.3 Dodging
 + Level 3.5 Stealth
 + Level 2.4 Spellcasting
 + Level 4.2 Summonings


You had 5 spell levels left.
You knew the following spells:

 Your Spells              Type           Power      Damage    Failure   Level
a - Summon Small Mammal   Summ           68%        N/A       3%          1

Your spell library contained the following spells:

 Spells                   Type           Power      Damage    Failure   Level
 Call Imp                 Summ           17%        N/A       4%          2
 Call Canine Familiar     Summ           17%        N/A       9%          3
 Summon Guardian Golem    Hex/Summ       9%         N/A       22%         3
 Summon Lightning Spire   Summ/Air       9%         N/A       58%         4
 Chain Lightning          Conj/Air       1%         3d1       100%        9
 Fire Storm               Conj/Fire      1%         7d1       100%        9
 Shatter                  Erth           1%         3d5*      100%        9


Dungeon Overview and Level Annotations

Branches:
Dungeon (3/15)

Altars:

Annotations:
D:2 Natasha, Robin


Innate Abilities, Weirdness & Mutations

You have sharp claws.
You have razor-sharp teeth.
You have supernaturally acute eyesight. (SInv)
You cover ground quickly. (Speed+)
You are covered in fur. (AC +1)
Your paws help you pounce on unaware monsters.
You are incapable of wielding weapons or throwing items.
You cannot wear armour.
You gain extra lives every three experience levels.


Message History

Found a buckler, 12 gold pieces and 11 stones.
There is a stone staircase leading up here.
Press: ? - help, v - describe, . - travel A stone staircase leading up.
Casting: Summon Small Mammal (safe; 3% risk of failure)
Confirm with . or Enter, or press ? or * to list all spells.
The goblin misses you. The goblin closely misses you.
Unknown command.
Casting: Summon Small Mammal (safe; 3% risk of failure)
Confirm with . or Enter, or press ? or * to list all spells.
Your bat misses the goblin.
The goblin hits you but does no damage. x2
Unknown command.
Casting: Summon Small Mammal (safe; 3% risk of failure)
Confirm with . or Enter, or press ? or * to list all spells.
You don't know that spell.
Unknown command.
You closely miss the goblin.
Your bat barely misses the goblin.
The goblin completely misses you. The goblin hits you with a +0 club.
* * * LOW HITPOINT WARNING * * *
Your bat closely misses the goblin.
What are your orders? t - Meow!
Orders for allies: a - Attack new target. r - Retreat! s - Stop attacking. g - Guard the area. f - Follow me.
Anything else - Cancel.
Okay, then.
As you read the scroll labelled XUODOY NEPNUO, it crumbles to dust.
It is a scroll of identify.
d - a scroll of acquirement The goblin shouts!
Your bat hits the goblin.
Your bat barely misses the goblin.
The goblin barely misses you. The goblin completely misses you.
The goblin unwields a +0 club.
The goblin wields a +0 sling.
The goblin shoots a sling bullet.
The sling bullet closely misses you.
You see here the Collected Works on Ruinous Displacement.
Something appears before you!
The goblin no longer looks unusually strong.
Your bat hits the goblin. The goblin hits you with a +0 dagger.
You die...

#.
###.#####
........#
........#
......(.#
(...$...#
........#
.[...bg@#
.....b.g#
........#
###g#####
#


You could see 3 goblins and 2 friendly bats.

Vanquished Creatures
  A dart slug (D:1)
  A giant cockroach (D:2)
  A quokka (D:1)
3 creatures vanquished.

Vanquished Creatures (collateral kills)
  2 worms (D:2)
  2 dart slugs (D:1)
  2 bats (D:1)
  3 endoplasms
  A giant cockroach (D:1)
  2 goblins
  2 hobgoblins (D:1)
  A quokka (D:1)
  3 ball pythons
  2 rats
20 creatures vanquished.

Grand Total: 23 creatures vanquished

Notes
Turn   | Place    | Note
-------+----------+-------------------------------------------
     0 | D:1      | BigDaddyOpFi the Felid Summoner began the quest for the
                  | Orb.
     0 | D:1      | Reached XP level 1. HP: 7/7 MP: 4/4
   206 | D:1      | Reached XP level 2. HP: 10/11 MP: 6/6
  1180 | D:2      | Reached XP level 3. HP: 14/14 MP: 5/7
  1508 | D:2      | Noticed Natasha
  1508 | D:2      | Noticed Robin
  1522 | D:3      | Identified a scroll of acquirement
  1523 | D:3      | Acquired the Collected Works on Ruinous Displacement
  1523 | D:3      | Slain by a goblin

Illustrated notes

Levels and vault maps discovered:
D:1:      psy_arrival_conway, layout_loops_ring, chequers_serial_rivers_micro_a,
          minmay_misc_feat_roman, chequers_serial_rivers_micro_b,
          chequers_serial_rivers_room_b
D:2:      cheibrodos_greedy_goblins, layout_loops_corners, moated_statue,
          uniq_natasha, uniq_sigmund, uniq_robin
D:3:      layout_rooms, chequers_temple_overflow_statue_of_worship,
          basic_ecumenical_altar

Skill      XL: |  1 |
---------------+----+-----
Stealth        | 3 |  3.5
Dodging        | 3 |  3.3
Spellcasting   | |  2.4
Summonings     | |  4.2

Action                     || total
---------------------------++-------
  Melee: Unarmed           ||    26
         Bite              ||     4
   Cast: Summon Small Mamm ||    52
    Use: Scroll            ||     2
 Armour: Skin              ||     8
  Dodge: Dodged            ||    49

Table legend: (Time is in decaauts)
 A = Elapsed time spent in this place.
 B = Non-inter-level travel time spent in this place.
 C = Inter-level travel time spent in this place.
 D = Time resting spent in this place.
 E = Time spent auto-exploring this place.
 F = Levels seen in this place.
 G = Mean time per level.
                   A        B        C        D        E       F      G
               +--------+--------+--------+--------+--------+-----+--------+
         Total |   1334 |   1327 |      7 |      0 |   1029 |   3 |  444.7 |
       Dungeon |   1334 |   1327 |      7 |      0 |   1029 |   3 |  444.7 |
               +--------+--------+--------+--------+--------+-----+--------+

Top non-repeatable levels by time:
     D:1: 850 daAuts
     D:2: 478 daAuts
     D:3: 4 daAuts
